TOP OF THE 1ST |
Kingston Iguanas batting - Pitching for Penquannock Overrated Jeter : LHP Jason Simpson
|
Pitching: LHP Jason Simpson
|
|
Batting: RHB Jesús Villalobos
|
0-0: Ground out 6-3 (Groundball, 6)
|
Batting: RHB Francisco Martínez
|
0-0: Called Strike 0-1: SINGLE (Groundball, 5S) (infield hit)
|
Batting: RHB Luis Aguilar
|
0-0: Ball 1-0: Ball 2-0: Ball 3-0: Called Strike 3-1: Called Strike 3-2: Foul Ball, location: 2F 3-2: Ground out 5-3 (Groundball, 5S) Francisco Martínez to second
|
Batting: LHB Carlton López
|
0-0: Ground out 2-3 (Groundball, 2L)
|
Top of the 1st over - 0 run(s), 1 hit(s), 0 error(s), 1 left on base; Kingston 0 - Penquannock 0 |
BOTTOM OF THE 1ST |
Penquannock Overrated Jeter batting - Pitching for Kingston Iguanas : RHP José Ramírez
|
Pitching: RHP José Ramírez
|
|
Batting: SHB Bob Noble
|
0-0: Fly out, F4 (Popup, 4D)
|
Batting: RHB Doug Brown
|
0-0: Called Strike 0-1: Called Strike 0-2: Ball 1-2: Ground out 6-3 (Groundball, 6M)
|
Batting: RHB Armando Pagán
|
0-0: Ball 1-0: Foul Ball, location: 2F 1-1: Foul Ball, location: 2F 1-2: Strikes out swinging
|
Bottom of the 1st over - 0 run(s), 0 hit(s), 0 error(s), 0 left on base; Kingston 0 - Penquannock 0 |
TOP OF THE 2ND |
Kingston Iguanas batting - Pitching for Penquannock Overrated Jeter : LHP Jason Simpson
|
Batting: RHB Tim Davis
|
0-0: Called Strike 0-1: Swinging Strike 0-2: Ball 1-2: Ball 2-2: Ball 3-2: Base on Balls
|
Batting: LHB Bob Greene
|
0-0: Foul Ball, location: 2F 0-1: Fielders Choice at 2nd, 3-6 (Groundball, 3)
|
Batting: LHB Mike Godfrey
|
0-0: Ball 1-0: Called Strike 1-1: Ball 2-1: Grounds into double play, 4-6-3 (Groundball, 4M)
|
Top of the 2nd over - 0 run(s), 0 hit(s), 0 error(s), 0 left on base; Kingston 0 - Penquannock 0 |
BOTTOM OF THE 2ND |
Penquannock Overrated Jeter batting - Pitching for Kingston Iguanas : RHP José Ramírez
|
Batting: LHB Pete Weber
|
0-0: Swinging Strike 0-1: Ball 1-1: Swinging Strike 1-2: Fly out, F7 (Flyball, 78XD)
|
Batting: LHB Tony Green
|
0-0: Ball 1-0: Ball 2-0: Ball 3-0: Base on Balls
|
Batting: RHB Manny Perea
|
0-0: Ball 1-0: Ball 2-0: Ball 3-0: Called Strike 3-1: Foul Ball, location: 2F 3-2: Foul Ball, location: 2F 3-2: SINGLE (Line Drive, 6D) Tony Green to second Tony Green to third
|
Batting: LHB Matt Reese
|
0-0: Ball 1-0: Ball 2-0: Ball 3-0: Base on Balls Manny Perea to second
|
Batting: RHB Barton Frazier
|
0-0: Swinging Strike 0-1: Foul Ball, location: 2F 0-2: Foul Ball, location: 2F 0-2: Strikes out swinging
|
Batting: RHB José Velásquez
|
0-0: Ball 1-0: SINGLE (Flyball, 8RS) Tony Green scores Manny Perea to third Matt Reese to second Runner from 3rd tries for Home, SAFE, no throw
|
Batting: SHB Bob Noble
|
0-0: Ball 1-0: Ball 2-0: Called Strike 2-1: Ground out U3 (Groundball, 34)
|
Bottom of the 2nd over - 2 run(s), 2 hit(s), 0 error(s), 2 left on base; Kingston 0 - Penquannock 2 |
TOP OF THE 3RD |
Kingston Iguanas batting - Pitching for Penquannock Overrated Jeter : LHP Jason Simpson
|
Batting: RHB Ken MacDonald
|
0-0: Ball 1-0: Foul Ball, location: 2F 1-1: Ball 2-1: Ball 3-1: Base on Balls
|
Batting: LHB Will Holt
|
0-0: Reached on error, E4 (Groundball, 4) Ken MacDonald to second
|
Batting: RHB Jesús Villalobos
|
0-0: SINGLE (Line Drive, 6D) Ken MacDonald to third Will Holt to second Runner from 3rd tries for Home, SAFE, no throw
|
Batting: RHB Francisco Martínez
|
0-0: Swinging Strike 0-1: Ball 1-1: Swinging Strike 1-2: Strikes out swinging
|
Batting: RHB Luis Aguilar
|
0-0: Ball 1-0: Swinging Strike 1-1: Called Strike 1-2: Fly out, F9 (Flyball, 89M)
|
Batting: LHB Carlton López
|
0-0: Called Strike 0-1: Swinging Strike 0-2: Ball 1-2: Foul Ball, location: 2F 1-2: Strikes out swinging
|
Top of the 3rd over - 1 run(s), 1 hit(s), 1 error(s), 2 left on base; Kingston 1 - Penquannock 2 |
BOTTOM OF THE 3RD |
Penquannock Overrated Jeter batting - Pitching for Kingston Iguanas : RHP José Ramírez
|
Batting: RHB Doug Brown
|
0-0: Ball 1-0: SINGLE (Groundball, 6MD)
|
Batting: RHB Armando Pagán
|
0-0: Called Strike 0-1: Fly out, F7 (Flyball, 78M)
|
Batting: LHB Pete Weber
|
0-0: Ball 1-0: Called Strike 1-1: Ball 2-1: Fly out, F9 (Line Drive, 9D)
|
Batting: LHB Tony Green
|
0-0: Foul Ball, location: 2F 0-1: Ground out 4-3 (Groundball, 4MS)
|
Bottom of the 3rd over - 0 run(s), 1 hit(s), 0 error(s), 1 left on base; Kingston 1 - Penquannock 2 |
TOP OF THE 4TH |
Kingston Iguanas batting - Pitching for Penquannock Overrated Jeter : LHP Jason Simpson
|
Batting: RHB Tim Davis
|
0-0: Called Strike 0-1: Ball 1-1: SINGLE (Flyball, 89S)
|
Batting: LHB Bob Greene
|
0-0: Ball 1-0: Ball 2-0: Called Strike 2-1: Foul Ball, location: 2F 2-2: Strikes out swinging
|
Batting: LHB Mike Godfrey
|
0-0: Ball 1-0: Ball 2-0: SINGLE (Line Drive, 89S) Tim Davis to second
|
Batting: RHB Ken MacDonald
|
0-0: Foul Ball, location: 2F 0-1: Foul Ball, location: 2F 0-2: Strikes out swinging
|
Batting: LHB Will Holt
|
0-0: Called Strike 0-1: Called Strike 0-2: Foul Ball, location: 2F 0-2: Foul Ball, location: 2F 0-2: Foul Ball, location: 2F 0-2: Ball 1-2: Foul Ball, location: 2F 1-2: Foul Ball, location: 2F 1-2: Ball 2-2: Ball 3-2: Base on Balls Tim Davis to third Mike Godfrey to second
|
Batting: RHB Jesús Villalobos
|
0-0: Swinging Strike 0-1: SINGLE (Groundball, 56D) Tim Davis scores Mike Godfrey to third Will Holt to second Runner from 3rd tries for Home, SAFE, no throw
|
Batting: RHB Francisco Martínez
|
0-0: Ball 1-0: Ball 2-0: Called Strike 2-1: Ground out 1-3 (Groundball, 13S)
|
Top of the 4th over - 2 run(s), 3 hit(s), 0 error(s), 2 left on base; Kingston 3 - Penquannock 2 |
BOTTOM OF THE 4TH |
Penquannock Overrated Jeter batting - Pitching for Kingston Iguanas : RHP José Ramírez
|
Batting: RHB Manny Perea
|
0-0: Ball 1-0: Called Strike 1-1: Fly out, F6 (Popup, 56D)
|
Batting: LHB Matt Reese
|
0-0: Called Strike 0-1: Swinging Strike 0-2: Ball 1-2: Ball 2-2: Foul Ball, location: 2F 2-2: DOUBLE (Line Drive, 7LM)
|
Batting: RHB Barton Frazier
|
0-0: Fly out, F8 (Flyball, 8LS)
|
Batting: RHB José Velásquez
|
0-0: Ball 1-0: Called Strike 1-1: Foul Ball, location: 2F 1-2: Foul Ball, location: 2F 1-2: Ball 2-2: Fly out, F4 (Popup, 34D)
|
Bottom of the 4th over - 0 run(s), 1 hit(s), 0 error(s), 1 left on base; Kingston 3 - Penquannock 2 |
TOP OF THE 5TH |
Kingston Iguanas batting - Pitching for Penquannock Overrated Jeter : LHP Jason Simpson
|
Pitching: RHP Richard Edwards
|
|
Batting: RHB Luis Aguilar
|
0-0: Called Strike 0-1: Ball 1-1: Swinging Strike 1-2: Strikes out looking
|
Batting: LHB Carlton López
|
0-0: Called Strike 0-1: Ball 1-1: Swinging Strike 1-2: Fly out, F8 (Flyball, 78D)
|
Batting: RHB Tim Davis
|
0-0: Ball 1-0: Ball 2-0: Ball 3-0: Called Strike 3-1: Foul Ball, location: 2F 3-2: Base on Balls
|
Batting: LHB Bob Greene
|
0-0: Ball 1-0: Ball 2-0: Ball 3-0: Called Strike 3-1: Called Strike 3-2: Strikes out swinging
|
Top of the 5th over - 0 run(s), 0 hit(s), 0 error(s), 1 left on base; Kingston 3 - Penquannock 2 |
BOTTOM OF THE 5TH |
Penquannock Overrated Jeter batting - Pitching for Kingston Iguanas : RHP José Ramírez
|
Batting: SHB Bob Noble
|
0-0: Foul Ball, location: 2F 0-1: Ball 1-1: Ball 2-1: DOUBLE (Line Drive, 9LM)
|
Batting: RHB Doug Brown
|
0-0: Ball 1-0: Ball 2-0: Ball 3-0: Called Strike 3-1: Base on Balls
|
Batting: RHB Armando Pagán
|
0-0: Ball 1-0: Foul Ball, location: 2F 1-1: Called Strike 1-2: Strikes out swinging
|
Batting: LHB Pete Weber
|
0-0: Ball 1-0: Fly out, F8 (Line Drive, 8LD) Runner from 2nd tags up, SAFE at 3rd, no throw
|
Batting: LHB Tony Green
|
0-0: Ball 1-0: Fielders Choice at 2nd, 6-4 (Groundball, 6)
|
Bottom of the 5th over - 0 run(s), 1 hit(s), 0 error(s), 1 left on base; Kingston 3 - Penquannock 2 |
TOP OF THE 6TH |
Kingston Iguanas batting - Pitching for Penquannock Overrated Jeter : RHP Richard Edwards
|
Batting: LHB Mike Godfrey
|
0-0: Ball 1-0: Swinging Strike 1-1: Ground out U3 (Groundball, 3S)
|
Batting: RHB Ken MacDonald
|
0-0: Fly out, F3 (Flyball, 3D)
|
Batting: LHB Will Holt
|
0-0: Foul Ball, location: 2F 0-1: Ball 1-1: Swinging Strike 1-2: Strikes out looking
|
Top of the 6th over - 0 run(s), 0 hit(s), 0 error(s), 0 left on base; Kingston 3 - Penquannock 2 |
BOTTOM OF THE 6TH |
Penquannock Overrated Jeter batting - Pitching for Kingston Iguanas : RHP José Ramírez
|
Batting: RHB Manny Perea
|
0-0: Ball 1-0: Foul Ball, location: 2F 1-1: Ball 2-1: SINGLE (Line Drive, 8LS)
|
Pitching: LHP Joe Hazelwood
|
|
Batting: LHB Matt Reese
|
0-0: Ground out 4-3 (Groundball, 34) Manny Perea to second
|
Batting: RHB Barton Frazier
|
0-0: SINGLE (Groundball, 4MD) Manny Perea to third Runner from 3rd tries for Home, SAFE, throw made home Barton Frazier to second
|
Batting: RHB José Velásquez
|
0-0: Intentional Walk
|
Batting: SHB Bob Noble
|
0-0: Called Strike 0-1: Ball 1-1: Foul Ball, location: 2F 1-2: Foul Ball, location: 2F 1-2: Fly out, F5 (Line Drive, 5)
|
Batting: RHB Doug Brown
|
0-0: Ball 1-0: Ball 2-0: Fly out, F9 (Flyball, 89D)
|
Bottom of the 6th over - 1 run(s), 2 hit(s), 0 error(s), 2 left on base; Kingston 3 - Penquannock 3 |
TOP OF THE 7TH |
Kingston Iguanas batting - Pitching for Penquannock Overrated Jeter : RHP Richard Edwards
|
Pinch Hitting: LHB Billy Anderson
|
0-0: Ball 1-0: Ball 2-0: Ball 3-0: Called Strike 3-1: Ground out 3-1 (Groundball, 34)
|
Batting: RHB Francisco Martínez
|
0-0: Ball 1-0: Foul Ball, location: 2F 1-1: Ground out 4-3 (Groundball, 4)
|
Batting: RHB Luis Aguilar
|
0-0: Called Strike 0-1: Ball 1-1: Ball 2-1: Foul Ball, location: 2F 2-2: Strikes out swinging
|
Top of the 7th over - 0 run(s), 0 hit(s), 0 error(s), 0 left on base; Kingston 3 - Penquannock 3 |
BOTTOM OF THE 7TH |
Penquannock Overrated Jeter batting - Pitching for Kingston Iguanas : LHP Joe Hazelwood
|
Now at SS: Bill Crawley
|
|
Batting: RHB Armando Pagán
|
0-0: Ball 1-0: Called Strike 1-1: Foul Ball, location: 2F 1-2: Strikes out swinging
|
Pinch Hitting: RHB Yale Julien
|
0-0: Called Strike 0-1: Ball 1-1: Ball 2-1: Ground out 4-3 (Groundball, 4MS)
|
Pinch Hitting: RHB Pedro Ramírez
|
0-0: Foul Ball, location: 2F 0-1: Ball 1-1: SINGLE (Groundball, 56D)
|
Batting: RHB Manny Perea
|
0-0: Ball 1-0: Ball 2-0: Ball 3-0: Base on Balls Pedro Ramírez to second
|
Pinch Hitting: RHB Vincent Fields
|
0-0: SINGLE (Line Drive, 9S) Pedro Ramírez to third Manny Perea to second Runner from 3rd tries for Home, SAFE, no throw
|
Batting: RHB Barton Frazier
|
0-0: Ball 1-0: Swinging Strike 1-1: Fly out, F6 (Popup, 6MD)
|
Bottom of the 7th over - 1 run(s), 2 hit(s), 0 error(s), 2 left on base; Kingston 3 - Penquannock 4 |
TOP OF THE 8TH |
Kingston Iguanas batting - Pitching for Penquannock Overrated Jeter : RHP Richard Edwards
|
Now at 2B: Tim Reid
|
|
Now at 3B: Aaron Holt
|
|
Now in CF: Yale Julien
|
|
Batting: LHB Carlton López
|
0-0: Ball 1-0: Ball 2-0: Ball 3-0: Called Strike 3-1: Base on Balls
|
Pinch Hitting: LHB Poto Vasilini
|
0-0: Foul Ball, location: 2F 0-1: Called Strike 0-2: Ball 1-2: Ball 2-2: Ball 3-2: Base on Balls Carlton López to second
|
Batting: LHB Bob Greene
|
0-0: Called Strike 0-1: Sac Bunt - play at first, batter OUT! 5-4 Carlton López to third Poto Vasilini to second
|
Batting: LHB Mike Godfrey
|
0-0: Ball 1-0: Foul Ball, location: 2F 1-1: Ball 2-1: Ground out 3-1 (Groundball, 34)
|
Batting: RHB Ken MacDonald
|
0-0: Ball 1-0: Ground out 5-3 (Groundball, 56S)
|
Top of the 8th over - 0 run(s), 0 hit(s), 0 error(s), 2 left on base; Kingston 3 - Penquannock 4 |
BOTTOM OF THE 8TH |
Penquannock Overrated Jeter batting - Pitching for Kingston Iguanas : LHP Joe Hazelwood
|
Now in RF: Poto Vasilini
|
|
Batting: RHB José Velásquez
|
0-0: Called Strike 0-1: Ball 1-1: Called Strike 1-2: Strikes out looking
|
Batting: SHB Bob Noble
|
0-0: Called Strike 0-1: Ball 1-1: Foul Ball, location: 2F 1-2: Ball 2-2: Strikes out looking
|
Batting: RHB Doug Brown
|
0-0: Called Strike 0-1: Fly out, F8 (Flyball, 8LM)
|
Bottom of the 8th over - 0 run(s), 0 hit(s), 0 error(s), 0 left on base; Kingston 3 - Penquannock 4 |
TOP OF THE 9TH |
Kingston Iguanas batting - Pitching for Penquannock Overrated Jeter : RHP Richard Edwards
|
Pinch Hitting: RHB Matt Rodríguez
|
0-0: Foul Ball, location: 2F 0-1: Called Strike 0-2: Foul Ball, location: 2F 0-2: Ball 1-2: Strikes out swinging
|
Pitching: RHP Toshikuni Nishimura
|
|
Pinch Hitting: RHB Bobby Armstrong
|
0-0: Ball 1-0: Called Strike 1-1: Ball 2-1: Foul Ball, location: 2F 2-2: Foul Ball, location: 2F 2-2: Ball 3-2: Fly out, F8 (Flyball, 8LS)
|
Batting: RHB Francisco Martínez
|
0-0: Ball 1-0: Called Strike 1-1: Foul Ball, location: 2F 1-2: Strikes out swinging
|
Top of the 9th over - 0 run(s), 0 hit(s), 0 error(s), 0 left on base; Kingston 3 - Penquannock 4 |
|